 Dungeon Crawl Stone Soup version 0.29-a0-409-gd843f3a48c (webtiles) character file.

Game seed: 5625873444860024199

68068 Impy the Warrior (level 15, 0/154 HPs)
             Began as a Naga Hunter on May 13, 2022.
             Was a High Priest of Cheibriados.
             Slain by a two-headed ogre
             ... wielding a +0 giant spiked club
              (29 damage)
             ... while paralysed by an ogre mage
             ... on level 2 of the Orcish Mines.
             The game lasted 00:51:53 (19693 turns).

Impy the Warrior (Naga Hunter)                     Turns: 19693, Time: 00:51:53

Health: 0/154      AC: 11    Str: 28    XL:     15   Next: 25%
Magic:  17/24      EV:  1    Int: 26    God:    Cheibriados [*****.]
Gold:   1760       SH:  0    Dex: 39    Spells: 21/24 levels left

rFire   + . .      SeeInvis +   a - +2 shortbow (venom)
rCold   + . .      Faith    .   (shield currently unavailable)
rNeg    . . .      Spirit   .   t - +0 robe {rF+}
rPois   +          Reflect  .   d - +2 helmet
rElec   .          Harm     .   k - +0 cloak
rCorr   .          Rampage  .   M - +0 pair of gloves
Will    +....                   (no barding)
Stlth   +++.......              (no amulet)
HPRegen 0.35/turn               N - ring of protection from cold
MPRegen 0.19/turn               j - +4 ring of slaying

@: paralysed, very slow
A: AC +5, large, see invisible, deformed body, poison resistance, slowness 2,
spit poison 1, naga tail 2, agile 2, clever 1
a: Spit Poison, Renounce Religion, Bend Time, Temporal Distortion, Slouch, Step
From Time


You were on level 2 of the Orcish Mines.
You worshipped Cheibriados.
Cheibriados was extremely pleased with you.
You visited 4 branches of the dungeon, and saw 20 of its levels.
You also visited: Ossuary and Volcano.

You collected 1760 gold pieces.

Inventory:

Hand Weapons
 a - a +2 shortbow of venom (weapon)
 w - a +3 scimitar of flaming
 G - a +0 longbow
Missiles
 g - a throwing net
Armour
 b - a +1 leather armour
 d - a +2 helmet (worn)
 k - a +0 cloak (worn)
 t - a +0 robe of fire resistance (worn)
 x - a +2 robe of cold resistance
 z - the +0 helmet "Fipniom" {Contam MP+9 Int+6}
   (You found it on level 9 of the Dungeon)

   Int:       It affects your intelligence (+6).
   MP:        It affects your magic capacity (+9).
   Contam:    It causes magical contamination when unequipped.
 A - +0 acid dragon scales
 B - a +0 troll leather armour
 I - +0 fire dragon scales
 M - a +0 pair of gloves (worn)
Jewellery
 c - a ring of magical power
 i - a ring of wizardry
 j - a +4 ring of slaying (right hand)
 o - a ring of ice
 C - a ring of fire
 E - a ring of wizardry
 K - a ring of flight
 N - a ring of protection from cold (left hand)
Wands
 e - a wand of polymorph (26)
 p - a wand of flame (39)
 s - a wand of digging (7)
 F - a wand of mindburst (12)
 J - a wand of paralysis (5)
Scrolls
 m - 7 scrolls of teleportation
 n - 14 scrolls of identify
 u - 3 scrolls of immolation
 y - 2 scrolls of fog
 D - 2 scrolls of magic mapping
 L - 2 scrolls of enchant armour
Potions
 f - 4 potions of flight
 h - 5 potions of might
 l - 3 potions of degeneration
 q - 4 potions of curing
 r - 2 potions of berserk rage
 v - a potion of invisibility
 H - 2 potions of resistance


   Skills:
 + Level 15.5 Fighting
 + Level 14.6 Bows
 - Level 7.7 Dodging
 - Level 1.5 Stealth
 + Level 5.3 Spellcasting
 - Level 12.3 Invocations


You had 21 spell levels left.
You knew the following spells:

 Your Spells              Type           Power      Damage    Failure   Level
a - Portal Projectile     Hex/Tloc       12%        N/A       22%         3

Your spell library contained the following spells:

 Spells                   Type           Power      Damage    Failure   Level
 Animate Skeleton         Necr           12%        N/A       8%          1
 Apportation              Tloc           12%        N/A       8%          1
 Summon Small Mammal      Summ           24%        N/A       8%          1
 Blink                    Tloc           12%        N/A       11%         2
 Corpse Rot               Necr/Air       12%        N/A       11%         2
 Ensorcelled Hibernation  Hex/Ice        12%        N/A       11%         2
 Call Canine Familiar     Summ           6%         N/A       22%         3
 Dazzling Flash           Conj/Hex       12%        N/A       22%         3
 Frozen Ramparts          Ice            12%        1d3       22%         3
 Spider Form              Tmut/Pois      6%         N/A       22%         3
 Anguish                  Hex/Necr       3%         N/A       58%         4
 Animate Armour           Summ/Erth      12%        N/A       58%         4
 Dispel Undead            Necr           6%         3d8       58%         4
 Ice Form                 Ice/Tmut       6%         N/A       58%         4
 Leda's Liquefaction      Hex/Erth       3%         N/A       58%         4
 Summon Ice Beast         Ice/Summ       6%         N/A       58%         4
 Agony                    Necr           6%         N/A       90%         5
 Blade Hands              Tmut           3%         N/A       90%         5
 Fireball                 Conj/Fire      3%         3d4       90%         5
 Manifold Assault         Tloc           6%         N/A       90%         5
 Silence                  Hex/Air        3%         N/A       90%         5
 Summon Forest            Summ/Tloc      3%         N/A       90%         5
 Summon Mana Viper        Hex/Summ       6%         N/A       90%         5
 Death Channel            Necr           3%         N/A       100%        6
 Iron Shot                Conj/Erth      3%         9d2       100%        6
 Starburst                Conj/Fire      3%         6d3       100%        6
 Summon Cactus Giant      Summ           3%         N/A       100%        6
 Storm Form               Tmut/Air       3%         N/A       100%        7
 Ignition                 Fire           3%         3d4       100%        8


Dungeon Overview and Level Annotations

Branches:
Dungeon (11/15)            Temple (1/1) D:6            Lair (6/6) D:9
 Shoals (0/4) Lair:4        Snake (0/4) Lair:4        Slime (0/5) Lair:5
    Orc (2/2) D:10            Elf (0/3) Orc:2       Ossuary (visited)
Volcano (visited)

Altars:
Ashenzari
Cheibriados
Dithmenos
Elyvilon
Fedhas
Gozag
Hepliaklqana
Kikubaaqudgha
Makhleb
Nemelex Xobeh
Okawaru
Qazlal
Ru
Sif Muna
Trog
Uskayaw
Vehumet
Wu Jian
Xom
Yredelemnul
Zin
The Shining One

Shops:
Orc:1 *   Orc:2 :(?[[

Annotations:
Orc:2 2 runed translucent doors, KateM's ghost, journeyman MiFi


Innate Abilities, Weirdness & Mutations

Your serpentine skin is tough. (AC +5)
You have supernaturally acute eyesight. (SInv)
Armour fits poorly on your strangely shaped body.
Your system is resistant to poisons. (rPois)
You cover ground very slowly.
You can spit poison.
You can use your snake-like lower body to constrict enemies.
You are very agile. (Dex +4)
Your mind is acute. (Int +2)


Message History

You shoot an arrow. The arrow hits the two-headed ogre!!
The two-headed ogre looks as sick as possible!
The two-headed ogre is severely wounded.
Shoot: a) +2 shortbow (venom)
Press: ? - help, Shift-Dir - straight line, f/p - two-headed ogre
Aim: a two-headed ogre, wielding a +0 giant spiked club and a +0 giant club (severely wounded, extremely poisoned, 87% to hit)
You shoot an arrow.
The arrow completely misses the two-headed ogre.
Shoot: a) +2 shortbow (venom)
Press: ? - help, Shift-Dir - straight line, f/p - two-headed ogre
Aim: a two-headed ogre, wielding a +0 giant spiked club and a +0 giant club (almost dead, extremely poisoned, 87% to hit)
You shoot an arrow.
The arrow barely misses the two-headed ogre.
An ogre mage comes into view. It is wielding a +0 flail.
Shoot: a) +2 shortbow (venom)
Press: ? - help, Shift-Dir - straight line, f/p - two-headed ogre
Aim: a two-headed ogre, wielding a +0 giant spiked club and a +0 giant club (almost dead, extremely poisoned, 87% to hit)
You shoot an arrow. The arrow hits the two-headed ogre!!
You kill the two-headed ogre!
Cheibriados thoroughly appreciates the change of pace.
As you read the scroll of teleportation, it crumbles to dust.
You feel strangely unstable.
Your surroundings suddenly seem different.
An ogre mage, 9 ogres and 8 two-headed ogres come into view.
The ogre mage is wielding a +2 spear of flaming.
Found four shops.
The ogre shouts! x4; The two-headed ogre shouts in stereo! x2
You hear a shout!
The two-headed ogre shouts in stereo!
The ogre shouts!
An orc priest comes into view. It is wielding a +1 antimagic war axe.
An ogre comes into view. It is wielding a +0 giant club.
The ogre mage points at the ogre and mumbles some strange words.
The ogre seems to speed up.
The ogre mage casts a spell at you.
You suddenly lose the ability to move!
An ogre comes into view. It is wielding a +0 giant spiked club.
The orc priest mumbles some strange prayers to Beogh against you.
Beogh smites you!
* * * LOW HITPOINT WARNING * * *
The two-headed ogre hits you with a +0 giant spiked club!!
You die...

##.##)).....#,,,,,,,,*,,*
.......)O).O#..o.OO..#..*
......))).)..O..∩∩.O....*
..#.......).)OOO∩OO.O..,*
.#..........#O....O..#,,*
............#..OO.O..#,,*
.....#......#.OOO..O.#,,*
.#.##.......#........#,,*
####*....#..#...@....#,,*
**,,,,,**,,##.O....##,,*
*,,,,,,**,,*#......#*,,*
**,**,,,*,,*##....##*,,*
*****,**,,,*##..##*,,,*
**,,,,**,,,,....,,,,**
*,,,,****,,,....,,,**
**,,,,* ****#####***
**,,**


You could see 8 two-headed ogres, 2 ogre magi, 11 ogres and an orc priest.

Vanquished Creatures
  A red draconian (Volcano)
  Snorg (Lair:5)
  A fire dragon (Lair:6)
  Josephine (D:11)
  2 boulder beetles
  A catoblepas (Lair:6)
  3 ogre magi
  8 hydras
  Erica (D:8)
  An alligator (Lair:5)
  12 two-headed ogres
  8 death yaks (Lair:6)
  A fire crab (Lair:6)
  A lindwurm (Orc:2)
  2 orc knights (Orc:1)
  3 cyclopes
  An orc sorcerer (Orc:1)
  6 elephants (Lair:6)
  3 molten gargoyles (Lair:6)
  A gargoyle (D:10)
  10 black mambas
  An unseen horror (D:11)
  2 rime drakes
  10 cane toads
  13 komodo dragons
  6 polar bears
  4 trolls
  8 blink frogs
  Prince Ribbit (D:7)
  A dream sheep (Lair:5)
  A vampire (D:9)
  A shadow (D:10)
  6 wraiths
  A spriggan (Lair:6)
  61 yaks
  3 wyverns
  9 basilisks
  5 fire bats (Volcano)
  3 steam dragons
  A warg (Orc:1)
  2 nagas (Lair:4)
  An acid dragon (D:9)
  4 hell hounds (Lair:6)
  18 water moccasins
  5 ice beasts
  10 ogres
  13 orc warriors
  A black bear (Lair:5)
  4 centaurs
  13 wolves
  4 kobold brigands
  8 bullfrogs
  4 scorpions
  7 wights
  7 water moccasin zombies (Ossuary)
  7 killer bees (D:8)
  2 electric eels
  13 lava snakes
  4 gnoll shamans
  A hound (D:6)
  2 jellies
  An iron imp (D:8)
  14 orc priests
  3 iguanas
  15 orc wizards
  A centaur simulacrum (D:9)
  2 mummies (Ossuary)
  16 gnolls
  8 adders
  A shadow imp (D:6)
  2 white imps
  3 ufetubi
  9 adder zombies (Ossuary)
  2 worms (D:2)
  2 dart slugs
  49 orcs
  5 endoplasms
  7 giant cockroaches
  3 gnoll zombies (Ossuary)
  3 goblins
  13 hobgoblins
  2 jackals (D:2)
  3 quokkas
  5 ball pythons
  4 bats
  4 frilled lizards
  7 hobgoblin zombies (Ossuary)
  19 kobolds
  5 kobold zombies (Ossuary)
  4 orc zombies (Ossuary)
  4 rats
551 creatures vanquished.

Vanquished Creatures (collateral kills)
  A yak (D:8)
  An orc wizard (D:8)
2 creatures vanquished.

Vanquished Creatures (others)
  A wight (D:8)
  An orc wizard (D:5)
  41 fungi
  108 plants
151 creatures vanquished.

Grand Total: 704 creatures vanquished

Notes
Turn   | Place    | Note
-------+----------+-------------------------------------------
     0 | D:1      | Impy the Naga Hunter began the quest for the Orb.
     0 | D:1      | Reached XP level 1. HP: 19/19 MP: 1/1
    68 | D:1      | You fall into a shaft and drop 1 floor!
    76 | D:2      | Reached XP level 2. HP: 26/26 MP: 2/2
   429 | D:2      | Reached XP level 3. HP: 33/33 MP: 3/3
   924 | D:2      | Found a faded altar of an unknown god.
  1600 | D:1      | Reached XP level 4. HP: 39/40 MP: 4/4
  1786 | D:3      | Reached skill level 3 in Fighting
  2127 | D:3      | Reached XP level 5. HP: 49/49 MP: 5/5
  2459 | D:4      | Noticed a water moccasin
  2464 | D:4      | Killed a water moccasin
  2465 | D:4      | Reached XP level 6. HP: 57/57 MP: 6/6
  2486 | D:4      | Reached skill level 4 in Fighting
  2486 | D:4      | Reached skill level 5 in Bows
  2802 | D:5      | Entered Level 5 of the Dungeon
  2830 | D:5      | Reached XP level 7. HP: 63/66 MP: 7/7
  3057 | D:5      | Noticed a yak
  3057 | D:5      | Noticed a yak
  3057 | D:5      | Noticed a yak
  3061 | D:5      | Noticed a yak
  3064 | D:5      | Noticed a yak
  3069 | D:5      | Killed a yak
  3080 | D:5      | Killed a yak
  3081 | D:5      | Reached skill level 5 in Fighting
  3082 | D:5      | Killed a yak
  3083 | D:5      | Reached XP level 8. HP: 18/75 MP: 8/8
  3083 | D:5      | Killed a yak
  3393 | D:5      | Killed a yak
  3394 | D:5      | Reached skill level 6 in Fighting
  3394 | D:5      | Reached skill level 5 in Dodging
  4221 | D:6      | Found a staircase to the Ecumenical Temple.
  4230 | Temple   | Entered the Ecumenical Temple
  4516 | D:6      | Reached XP level 9. HP: 85/85 MP: 9/9
  4658 | D:6      | Reached skill level 7 in Fighting
  5337 | D:7      | Reached skill level 8 in Fighting
  5546 | D:7      | Reached XP level 10. HP: 81/96 MP: 10/10
  5603 | D:7      | Found a sand-covered staircase.
  5619 | Ossuary  | Entered an ossuary
  6059 | D:7      | Noticed Prince Ribbit
  6067 | D:7      | Killed Prince Ribbit
  6247 | D:8      | Noticed Erica
  6278 | D:8      | Killed Erica
  6557 | D:8      | Found a snail-covered altar of Cheibriados.
  6568 | D:8      | Became a worshipper of Cheibriados the Contemplative
  6681 | D:8      | Reached skill level 9 in Fighting
  6895 | D:8      | Reached * piety under Cheibriados
  7221 | D:8      | Reached skill level 1 in Invocations
  7651 | D:9      | Reached ** piety under Cheibriados
  7816 | D:9      | Reached XP level 11. HP: 108/108 MP: 13/13
  8204 | D:9      | Noticed a two-headed ogre
  8217 | D:9      | Killed a two-headed ogre
  8218 | D:9      | Reached skill level 10 in Fighting
  8521 | D:9      | Identified the +0 helmet "Fipniom" {Contam MP+9 Int+6}
  8828 | D:9      | Found a staircase to the Lair.
  8839 | D:9      | Noticed a two-headed ogre
  8843 | D:9      | Killed a two-headed ogre
  8889 | D:9      | Reached skill level 10 in Bows
  9174 | D:10     | Entered Level 10 of the Dungeon
  9342 | D:10     | Reached *** piety under Cheibriados
  9349 | D:10     | Reached skill level 5 in Invocations
  9482 | D:10     | Found a staircase to the Orcish Mines.
  9874 | D:10     | Gained mutation: Your mind is acute. (Int +2) [potion of
                  | mutation]
  9874 | D:10     | Gained mutation: You are agile. (Dex +2) [potion of
                  | mutation]
  9874 | D:10     | Gained mutation: You are very agile. (Dex +4) [potion of
                  | mutation]
 10317 | D:10     | Reached **** piety under Cheibriados
 10682 | D:11     | Noticed a cyclops
 10688 | D:11     | Killed a cyclops
 10825 | D:11     | Reached skill level 11 in Fighting
 11077 | D:11     | Noticed a four-headed hydra
 11085 | D:11     | Killed a four-headed hydra
 11086 | D:11     | Reached XP level 12. HP: 120/120 MP: 15/17
 11202 | D:11     | Noticed Josephine
 11220 | D:11     | Killed Josephine
 11337 | Lair:1   | Entered Level 1 of the Lair of Beasts
 12512 | Lair:2   | Reached skill level 12 in Fighting
 12537 | Lair:2   | Noticed a five-headed hydra
 12547 | Lair:2   | Killed a five-headed hydra
 12597 | Lair:2   | Reached ***** piety under Cheibriados
 13976 | Lair:3   | Identified the +3 broad axe "Eviscerator" {vorpal, Fly rC-
                  | SInv}
 14204 | Lair:4   | Gained mutation: You can use your snake-like lower body to
                  | constrict enemies. [Naga growth]
 14204 | Lair:4   | Reached XP level 13. HP: 106/130 MP: 20/20
 14218 | Lair:4   | Identified the +1 leather armour of Qazlal's Inspiration
                  | {SInv}
 14286 | Lair:4   | Found a staircase to the Shoals.
 14322 | Lair:4   | Found a staircase to the Snake Pit.
 14640 | Lair:4   | Reached skill level 10 in Invocations
 14665 | Lair:4   | Reached skill level 13 in Fighting
 15451 | Lair:5   | Reached ****** piety under Cheibriados
 15698 | Lair:5   | Noticed Snorg
 15710 | Lair:5   | Killed Snorg
 16042 | Lair:5   | Found a staircase to the Slime Pits.
 16232 | Lair:6   | Entered Level 6 of the Lair of Beasts
 16389 | Lair:6   | Reached XP level 14. HP: 112/142 MP: 22/22
 16425 | Lair:6   | Reached skill level 14 in Fighting
 16823 | Lair:6   | Found a large runed translucent door.
 16824 | Lair:6   | Found a large runed translucent door.
 17260 | Lair:6   | Reached skill level 1 in Spellcasting
 17988 | Orc:1    | Entered Level 1 of the Orcish Mines
 18046 | Orc:2    | Entered Level 2 of the Orcish Mines
 18249 | Orc:2    | Found a dark tunnel.
 18258 | Volcano  | Entered a volcano
 18288 | Volcano  | Reached skill level 15 in Fighting
 18392 | Volcano  | Noticed a red draconian
 18412 | Volcano  | Killed a red draconian
 18565 | Volcano  | Reached XP level 15. HP: 154/154 MP: 24/24
 18576 | Volcano  | Found a radiant altar of Vehumet.
 18620 | Volcano  | Found a radiant altar of Vehumet.
 19026 | Orc:1    | Learned a level 3 spell: Portal Projectile
 19095 | Orc:1    | Found Xica's General Store.
 19519 | Orc:2    | Found Justophedd's Book Shop.
 19521 | Orc:2    | Found a staircase to the Elven Halls.
 19565 | Orc:2    | Found a large runed translucent door.
 19565 | Orc:2    | Found a large runed translucent door.
 19567 | Orc:2    | Noticed KateM's ghost (journeyman MiFi)
 19678 | Orc:2    | Reached skill level 5 in Spellcasting
 19693 | Orc:2    | Found Sacakka Teor's Magic Scroll Shop.
 19693 | Orc:2    | Found Vaischuc's Antique Armour Shoppe.
 19693 | Orc:2    | Found Opizxi's Weapon Emporium.
 19693 | Orc:2    | Found Tekhluero's Armour Shop.
 19693 | Orc:2    | Paralysed by an ogre mage for 4 turns
 19693 | Orc:2    | Slain by a two-headed ogre

Illustrated notes

Levels and vault maps discovered:
D:1:      erik_arrival_orb_chamber, layout_basic
D:2:      kb_forest_paths, layout_basic, nicolae_ecumenical_lake_church
D:3:      layout_basic, kennysheep_pointless_box
D:4:      layout_rooms, minmay_misc_feat_cross
D:5:      layout_rooms, minmay_misc_feat_pillars
D:6:      layout_cave_pools, minmay_temple_entry_butterflies,
          nicolae_grassy_gnolls
D:7:      layout_basic, enter_bailey_1, enter_ossuary_1, interstate_on_off,
          uniq_prince_ribbit1
D:8:      layout_basic, slow_altar_1, kennysheep_potato, uniq_erica
D:9:      layout_loops_ring, lair_entry_dummy, serial_ice, serial_ice_d,
          serial_ice_c, serial_ice_k, serial_ice_b
D:10:     layout_basic, erik_orc_3
D:11:     layout_cave_pods, uniq_josephine
Temple:   nicolae_temple_the_god_donut
Lair:1:   layout_regular_city
Lair:2:   layout_regular_city, grunt_megastairs_2, serial_bayou_shore_b,
          serial_bayou_shore_b
Lair:3:   layout_long_grid
Lair:4:   layout_loops_ring, minmay_shoals_entry_centaurs,
          minmay_snake_entry_guardpost_small, serial_bayou_shore_b
Lair:5:   nzn_winding_woodlands_cross [nzn_winding_woodlands_5x15_eye,
          nzn_winding_woodlands_5x15_jagged,
          nzn_winding_woodlands_5x15_lazy_stream,
          nzn_winding_woodlands_5x15_split_checker,
          nzn_winding_woodlands_15x15_five_gardens], layout_regular_city,
          dpeg_slime_entry_corner, serial_bayou_crossing, uniq_snorg
Lair:6:   cheibrodos_lair_end_hotspot, layout_regular_city,
          grunt_forest_large_clearing_hut
Orc:1:    layout_caves, serial_shops, nicolae_shop_hallway_plus, library_closet
Orc:2:    st_orc_ogre_mass, layout_diamond_mine, ebering_ghost_disaster_area,
          serial_shops, shop_fountains, nicolae_volcano_entry_vermiform

Skill      XL: |  1  2  3  4  5  6  7  8  9 10 11 12 13 14 15 |
---------------+----------------------------------------------+-----
Dodging        | 2 3 4 5 6 7 |  7.7
Bows           | 4 5 6 8 9 10 12 13 14 | 14.6
Fighting       | 3 4 5 6 8 9 11 12 13 15 | 15.5
Invocations    | 2 6 9 11 12 | 12.3
Spellcasting   | 4 5 |  5.3
Stealth        | |  1.5

Action                   |  1- 3 |  4- 6 |  7- 9 | 10-12 | 13-15 || total
-------------------------+-------+-------+-------+-------+-------++-------
 Fire: Shortbow          |    93 |   108 |   180 |   857 |   799 ||  2037
Invok: Slouch            |       |       |       |     2 |    10 ||    12
       Bend Time         |       |       |       |     1 |       ||     1
       Temporal Distorti |       |       |       |       |     1 ||     1
 Abil: Spit Poison       |       |       |     4 |     1 |     2 ||     7
  Use: Scroll            |     5 |     2 |     6 |     5 |     8 ||    26
       Potion            |     6 |     3 |     4 |     8 |     8 ||    29
Armor: Leather armour    |     9 |    16 |    31 |    29 |       ||    85
       Robe              |       |       |       |   122 |     3 ||   125
       Troll leather arm |       |       |       |     5 |   103 ||   108
Dodge: Dodged            |    11 |    14 |    52 |   562 |   379 ||  1018

Table legend: (Time is in decaauts)
 A = Elapsed time spent in this place.
 B = Non-inter-level travel time spent in this place.
 C = Inter-level travel time spent in this place.
 D = Time resting spent in this place.
 E = Time spent auto-exploring this place.
 F = Levels seen in this place.
 G = Mean time per level.
                   A        B        C        D        E       F      G
               +--------+--------+--------+--------+--------+-----+--------+
         Total |  32216 |  30585 |   1631 |     73 |  26151 |  22 | 1464.4 |
       Dungeon |  14900 |  14066 |    834 |     73 |  12161 |  11 | 1354.5 |
        Temple |    356 |    333 |     23 |      0 |    310 |   1 |  356.0 |
          Lair |  13151 |  12451 |    700 |      0 |  10909 |   6 | 2191.8 |
  Orcish Mines |   2526 |   2454 |     72 |      0 |   1985 |   2 | 1263.0 |
       Ossuary |    469 |    469 |      0 |      0 |    307 |   1 |  469.0 |
       Volcano |    812 |    812 |      0 |      0 |    477 |   1 |  812.0 |
               +--------+--------+--------+--------+--------+-----+--------+

Top non-repeatable levels by time:
  Lair:6: 3252 daAuts
  Lair:5: 2550 daAuts
     D:9: 2510 daAuts
    D:10: 2308 daAuts
  Lair:2: 2128 daAuts
     D:8: 1947 daAuts
  Lair:1: 1919 daAuts
  Lair:4: 1782 daAuts
   Orc:1: 1541 daAuts
  Lair:3: 1517 daAuts
     D:2: 1505 daAuts
     D:5: 1228 daAuts
    D:11: 1102 daAuts
     D:6: 1002 daAuts
   Orc:2: 985 daAuts
